 Dungeon Crawl Stone Soup version 0.28.0-45-g0d030f2227 (webtiles) character file.

Game seed: 9852091689697482778

79 Ablot the Cutter (level 4, -5/45 HPs)
             Began as a Gnoll Chaos Knight on Apr 14, 2022.
             Was a Plaything of Xom.
             Killed from afar by a steam dragon (17 damage)
             ... with a ball of steam
             ... on level 3 of the Dungeon.
             The game lasted 00:02:38 (1983 turns).

Ablot the Cutter (Gnoll Chaos Knight)               Turns: 1983, Time: 00:02:39

Health: -5/45      AC:  8    Str: 12    XL:     4   Next: 38%
Magic:  5/5        EV: 11    Int: 11    God:    Xom [......]
Gold:   50         SH:  0    Dex: 11    Spells: 5/5 levels left

rFire   . . .      SeeInvis .   a - +0 short sword (chaos)
rCold   . . .      Faith    .   (no shield)
rNeg    . . .      Spirit   .   h - +2 ring mail {rPois}
rPois   +          Reflect  .   (no helmet)
rElec   .          Harm     .   (no cloak)
rCorr   .          Rampage  .   (no gloves)
Will    +....                   (no boots)
Stlth   +.........              (no amulet)
HPRegen 0.15/turn               (no ring)
MPRegen 0.09/turn               (no ring)

@: no status effects
A: fangs 2, strong nose, distributed training, strong-willed 1, robust 1,
screaming 1, weak 1
a: Renounce Religion


You were on level 3 of the Dungeon.
You worshipped Xom.
You were a very special plaything of Xom.
You visited 1 branch of the dungeon, and saw 3 of its levels.

You collected 63 gold pieces.
You spent 13 gold pieces at shops.

Inventory:

Hand Weapons
 a - a +0 short sword of chaos (weapon)
Missiles
 f - 105 stones (quivered)
 j - 41 sling bullets
 l - 8 bolts
Armour
 h - a +2 ring mail of poison resistance (worn)
Scrolls
 b - a scroll of teleportation {unknown}
 d - 2 scrolls of identify {unknown}
 i - a scroll of vulnerability {unknown}
Potions
 e - a potion of cancellation {unknown}
 g - 2 potions of flight {unknown}
 k - a potion of curing {unknown}


   Skills:
 + Level 6.6 Fighting
 + Level 6.6 Short Blades
 + Level 1.1 Long Blades
 + Level 1.1 Axes
 + Level 1.1 Maces & Flails
 + Level 1.1 Polearms
 + Level 1.1 Staves
 + Level 1.1 Slings
 + Level 1.1 Bows
 + Level 1.1 Crossbows
 + Level 1.1 Throwing
 + Level 4.6 Armour
 + Level 2.7 Dodging
 + Level 1.1 Stealth
 + Level 1.1 Shields
 + Level 1.1 Unarmed Combat
 + Level 1.1 Spellcasting
 + Level 0.9 Conjurations
 + Level 0.9 Hexes
 + Level 0.9 Summonings
 + Level 0.9 Necromancy
 + Level 0.9 Translocations
 + Level 0.9 Transmutations
 + Level 0.9 Fire Magic
 + Level 0.9 Ice Magic
 + Level 0.9 Air Magic
 + Level 0.9 Earth Magic
 + Level 0.9 Poison Magic
 + Level 1.2 Invocations
 + Level 1.1 Evocations


You had 5 spell levels left.
You didn't know any spells.
Your spell library was empty.

Dungeon Overview and Level Annotations

Branches:
Dungeon (3/15)

Altars:

Shops:
D:1 (*!((


Innate Abilities, Weirdness & Mutations

You have extremely sharp teeth.
Your uncanny sense of smell can sniff out nearby items.
Your experience applies equally to all skills.
You are strong-willed. (Will+)
You are robust. (+10% HP)
You occasionally shout uncontrollably at your foes.
You are weak. (Str -2)


Message History

The adder barely misses you.
You barely miss the adder.
The adder is heavily wounded.
The adder bites you but does no damage.
You hit the adder but do no damage.
The adder is heavily wounded.
The adder misses you.
You hit the adder.
The adder evaporates and reforms as a steam dragon!
Your bite misses the steam dragon.
The steam dragon is lightly wounded.
You hit the steam dragon but do no damage.
The steam dragon easily resists.
The steam dragon is lightly wounded.
The steam dragon breathes steam at you. The ball of steam hits you!
You hit the steam dragon but do no damage.
The steam dragon is lightly wounded.
You are engulfed in a cloud of scalding steam.
The steam dragon bites you! The steam dragon closely misses you.
The steam dragon bites you but does no damage.
The steam dragon barely misses you.
Throw: 2 throwing nets
Press: ? - help, Q - select action, (/) - cycle Shift-Dir - straight line, f - steam dragon
Aim: a steam dragon (lightly wounded, catching its breath, 59% to hit)
You throw a throwing net.
The throwing net closely misses the steam dragon.
The steam dragon bites you.
* * * LOW HITPOINT WARNING * * *
The steam dragon claws you but does no damage.
Throw: throwing net
Press: ? - help, Q - select action, (/) - cycle Shift-Dir - straight line, f/p - steam dragon
Aim: a steam dragon (lightly wounded, 59% to hit)
You throw a throwing net. The throwing net hits the steam dragon.
The steam dragon is caught in the net!
The steam dragon is lightly wounded.
The steam dragon breathes steam at you. The ball of steam hits you!
You die...
Xom titters!

##### #...# #...#
###...#####
.........###########
#...# #.#..........
#.@D# #.#.#########
#.§§# #.#.#########
.###.§.###.#.#........
......§§...............
#.#########.#...#######
#.#...# #.#.^.# #.#...#
#.#...# .


You could see a steam dragon (caught, catching breath).

Vanquished Creatures
  3 adders (D:2)
  A worm (D:2)
  5 ball pythons
  6 bats (D:1)
  5 endoplasms
  A giant cockroach (D:3)
  4 goblins
  3 hobgoblins
  3 quokkas (D:1)
  3 frilled lizards
  6 kobolds
  4 rats
44 creatures vanquished.

Notes
Turn   | Place    | Note
-------+----------+-------------------------------------------
     0 | D:1      | Ablot the Gnoll Chaos Knight began the quest for the Orb.
     0 | D:1      | Reached XP level 1. HP: 23/23 MP: 1/1
    31 | D:1      | Found Mobujoc's Antique Weapon Boutique.
   274 | D:1      | Reached XP level 2. HP: 29/29 MP: 2/2
   425 | D:1      | Found Aschausae's General Store.
   449 | D:1      | Found Ethrior's Distillery.
   479 | D:1      | Bought a potion of degeneration for 13 gold pieces
   500 | D:1      | XOM: divination: magic mapping
   538 | D:1      | Found Lophekisyo's Weapon Emporium.
   759 | D:1      | XOM: noise
   844 | D:1      | Reached XP level 3. HP: 35/35 MP: 3/3
   845 | D:1      | Found Paovexesha's Weapon Boutique.
   897 | D:1      | XOM: god gift: scroll labelled LIMUOTHIXE {god gift}
  1020 | D:2      | Reached skill level 1 in Invocations
  1084 | D:2      | Reached skill level 1 in Long Blades
  1084 | D:2      | Reached skill level 1 in Axes
  1084 | D:2      | Reached skill level 1 in Maces & Flails
  1084 | D:2      | Reached skill level 1 in Polearms
  1084 | D:2      | Reached skill level 1 in Staves
  1084 | D:2      | Reached skill level 1 in Slings
  1084 | D:2      | Reached skill level 1 in Bows
  1084 | D:2      | Reached skill level 1 in Crossbows
  1084 | D:2      | Reached skill level 1 in Throwing
  1084 | D:2      | Reached skill level 1 in Stealth
  1084 | D:2      | Reached skill level 1 in Shields
  1084 | D:2      | Reached skill level 1 in Unarmed Combat
  1084 | D:2      | Reached skill level 1 in Spellcasting
  1084 | D:2      | Reached skill level 1 in Evocations
  1084 | D:2      | Reached XP level 4. HP: 37/41 MP: 5/5
  1564 | D:2      | XOM: divination: detect creatures
  1684 | D:2      | XOM: give mutations
  1684 | D:2      | Gained mutation: You are strong-willed. (Will+) [Xom's
                  | grace]
  1684 | D:2      | Gained mutation: Your mind is acute. (Int +2) [Xom's grace]
  1684 | D:2      | Gained mutation: You are robust. (+10% HP) [Xom's grace]
  1752 | D:2      | XOM: give mutations
  1752 | D:2      | Gained mutation: You are weak. (Str -2) [Xom's mischief]
  1752 | D:2      | Lost mutation: Your mind is acute. (Int +2) [Xom's
                  | mischief]
  1752 | D:2      | Gained mutation: You occasionally shout uncontrollably at
                  | your foes. [Xom's mischief]
  1752 | D:2      | Gained mutation: You have extremely sharp teeth. [Xom's
                  | mischief]
  1770 | D:2      | Found a faded altar of an unknown god.
  1978 | D:3      | Noticed a steam dragon
  1978 | D:3      | an adder changed into a steam dragon
  1983 | D:3      | Killed from afar by a steam dragon

Illustrated notes

Levels and vault maps discovered:
D:1:      dpeg_arrival_court, layout_loops_ring, serial_shops,
          nicolae_shop_window_shopping, shop, shop, shop, nicolae_square_shop,
          minmay_misc_feat_pillars, kennysheep_pointless_box
D:2:      layout_basic, hellmonk_ecumenical_altar_leap_of_faith
D:3:      layout_basic, grunt_decor_mini_mirrors

Skill      XL: |  1  2  3 |
---------------+----------+-----
Invocations    | 1 |  1.2
Long Blades    | 1 |  1.1
Axes           | 1 |  1.1
Maces & Flails | 1 |  1.1
Polearms       | 1 |  1.1
Staves         | 1 |  1.1
Slings         | 1 |  1.1
Bows           | 1 |  1.1
Crossbows      | 1 |  1.1
Throwing       | 1 |  1.1
Stealth        | 1 |  1.1
Shields        | 1 |  1.1
Unarmed Combat | 1 |  1.1
Spellcasting   | 1 |  1.1
Evocations     | 1 |  1.1
Fighting       | |  6.6
Short Blades   | |  6.6
Armour         | |  4.6
Dodging        | |  2.7
Conjurations   | |  0.9
Hexes          | |  0.9
Summonings     | |  0.9
Necromancy     | |  0.9
Translocations | |  0.9
Transmutations | |  0.9
Fire Magic     | |  0.9
Ice Magic      | |  0.9
Air Magic      | |  0.9
Earth Magic    | |  0.9
Poison Magic   | |  0.9

Action                   |  1- 3 |  4- 6 || total
-------------------------+-------+-------++-------
Melee: Short sword       |    93 |    35 ||   128
       Bite              |     8 |     4 ||    12
       Punch             |     1 |     1 ||     2
Throw: Throwing net      |       |     2 ||     2
Armor: Leather armour    |    14 |       ||    14
       Ring mail         |    26 |    10 ||    36
Dodge: Dodged            |    47 |    17 ||    64
